cohdb
Replays
Latest Replays
All Replays
Popular Replays
Top Player Replays
Match Explorer
How It Works
Community
CoH3 Stats
Reddit
Sign in to upload your games and track your stats! →
Sign in with Steam
Match 46450747
Unlisted
Match 46450747
Overview
Messages
Build Orders
End
Scout Squad
Construct Barracks
Riflemen Squad
1⁄4-ton 4x4 Truck
Riflemen Squad
Selects Armored Battlegroup
Selects Armored Battlegroup
Selects Veteran Crews
Grenade Package
Construct Medical Station
Riflemen Squad
Engineer Squad
Construct Weapon Support Center
Infantry Support Center
Bazooka Squad
Construct Tank Depot
Selects Field Repairs
Selects War Machine
Selects Fast Deploy
M4A1 Sherman Medium Tank
Riflemen Squad
북딱북딱 북따닥 북딱
UMirinBrah?
0
0
Comments
sign in to comment!
No comments posted yet!